 Dungeon Sprint DCSS version 0.31-a0-595-g4209ae197b (webtiles) character file.

Game seed: 10891892374965510977

378 Conn the Arsonist (level 6, 0/36 HPs)
             Began as an Octopode Fire Elementalist on Aug 19, 2023.
             Was an Initiate of Sif Muna.
             Shot with a bolt by a yaktaur (22 damage)
             ... in the Dungeon (Sprint II: "The Violet Keep of Menkaure").
             The game lasted 00:04:36 (282 turns).

Conn the Arsonist (Octopode Fire Elementalist)       Turns: 282, Time: 00:04:36

Health: 0/36       AC:  1    Str:  7    XL:     6   Next: 74%
Magic:  1/15       EV: 14    Int: 20    God:    Sif Muna [......]
Gold:   259        SH:  0    Dex: 12    Spells: 8/18 levels left

rFire   . . .        (no weapon)
rCold   . . .        (no shield)
rNeg    . . .        (helmet restricted)
rPois   .            (no amulet)
rElec   .            (no ring)
rCorr   .            (no ring)
SInv    .            (no ring)
Will    .....        (no ring)
Stlth   ++++         (no ring)
HPRegen 0.26/turn    (no ring)
MPRegen 0.14/turn    (no ring)
                     (no ring)

%: no teleportation
@: no status effects
A: almost no armour, amphibious, 8 rings, camouflage 1, gelatinous body 1,
(nimble swimmer 1), tentacles
a: Renounce Religion


You were in the Dungeon.
You worshipped Sif Muna.
Sif Muna was noncommittal.
You visited 1 branch You collected 259 gold pieces.

Inventory:

Potions
 a - 2 potions of magic
 b - a potion of curing
 c - a potion of heal wounds
 e - a potion of berserk rage


   Skills:
 + Level 5.1 Dodging
 - Level 5.5 Stealth
 * Level 6.8 Spellcasting
 * Level 3.6 Conjurations
 + Level 10.2 Fire Magic


You had 8 spell levels left.
You knew the following spells:

 Your Spells              Type           Power      Damage    Failure   Level
a - Foxfire               Conj/Fire      100%       2x1d9     1%          1
b - Scorch                Fire           94%        2d8       1%          2
c - Inner Flame           Hex/Fire       27%        N/A       3%          3
d - Flame Wave            Conj/Fire      34%        2d10      5%          4

Your spell library contained the following spells:

 Spells                   Type           Power      Damage    Failure   Level
 Volatile Blastmotes      Fire/Tloc      54%        2d14      3%          3


Dungeon Overview and Level Annotations

Branches:
Dungeon (1/1)

Altars:
Cheibriados
Dithmenos
Elyvilon
Fedhas
Gozag
Hepliaklqana
Kikubaaqudgha
Makhleb
Nemelex Xobeh
Okawaru
Qazlal
Ru
Sif Muna
Trog
Uskayaw
Vehumet
Wu Jian
Xom
Yredelemnul
Zin
The Shining One
Jiyva
Lugonu

Shops:
D ::=!:[[(!(((=??

Annotations:
D exclusions: oklob plant and orange crystal statue


Innate Abilities, Weirdness & Mutations

You cannot wear most types of armour.
You are amphibious.
You can wear up to eight rings at the same time.
Your skin changes colour to match your surroundings (Stealth+).
Your rubbery body absorbs attacks. (AC +1, EV +1)
((You are camouflaged when in or above water. (Stealth+)))
You have tentacles for arms and can constrict up to eight enemies at once.


Message History

Okay, then.
Unknown command.
Unknown command.
There is an open door here.
Blink to where?
Press: ? - help, Dir - move target
As you read the scroll of blinking, it crumbles to dust.
Casting: Scorch (safe; 1% risk of failure)
Confirm with . or Enter, or press ? or * to list all spells.
Aiming: Inner Flame (dangerous; 3% risk of failure)
Press: ? - help, Dir - move target, f - polar bear
Aim: a polar bear (chance to affect: 82%)
The polar bear is filled with an inner flame.
Unknown command.
Casting: Inner Flame (dangerous; 3% risk of failure)
Confirm with . or Enter, or press ? or * to list all spells.
You conjure some foxfire!
You are engulfed in a cloud of scalding steam.
Casting: Foxfire (safe; 1% risk of failure)
Confirm with . or Enter, or press ? or * to list all spells.
You conjure some foxfire!
The foxfire hits the hornet.
The hornet is lightly wounded.
Unknown command.
Casting: Foxfire (safe; 1% risk of failure)
Confirm with . or Enter, or press ? or * to list all spells.
Flames lash the polar bear.
Flame seeps out of the polar bear.
The polar bear is moderately wounded.
The polar bear's fire resistance burns away.
The foxfire hits the polar bear!
The polar bear is burned terribly!
Flame seeps out of the polar bear.
The polar bear is heavily wounded.
The foxfire hits the polar bear but does no damage.
The polar bear is heavily wounded.
The foxfire hits the polar bear but does no damage.
The polar bear is heavily wounded.
The hornet is engulfed in a cloud of scalding steam.
The yaktaur wields a +0 arbalest.
The yaktaur shoots a bolt.
The bolt hits you!!
Ouch! That really hurt!
You die...

####~~#+++#+++## ###~~~.........#
..#~~~~.##+##..# ..#~~~~##
##.#### .### ..#~~~~# #....# ...#
..#~~### ###..## #..# .# $[
⌠.#~## #+# #.##..# +..# .#▓$![
..#~# ##.###†.#..# #..# y#▓???
..'~+ +.<.'.##@.h### ..##. ▓([$
..#~# ##.###†.#....###...##▓▓▓▓
###~## #+# #.##§.y...c~~~~~~~~~
###~~### ###§§§.h..~#'#######
##†~~# #~~~§§§~..~#.._..... #
#'#~## ##~§~~~~§§.~#._._....
#.##.#~~##+##~~~§§§§~§~~#_._._...
...####~~~~~~~~~~§≈≈≈~~~#._._._..
..○ #+++#+++#§≈≈§§≈§§§#_._._._.


You could see 2 polar bears, a yaktaur and a hornet.

Vanquished Creatures
  Menkaure (D)
  4 scorpions (D)
  A hell rat (D)
6 creatures vanquished.

Vanquished Creatures (others)
  A water moccasin (D)
  24 foxfires (D)
25 creatures vanquished.

Grand Total: 31 creatures vanquished

Notes
Turn   | Place    | Note
-------+----------+-------------------------------------------
     0 | D        | Conn the Octopode Fire Elementalist began the quest for the
                  | Orb.
     0 | D        | Reached XP level 1. HP: 11/11 MP: 3/3
     1 | D        | Noticed a scorpion
     1 | D        | Noticed a scorpion
     9 | D        | Killed a scorpion
    10 | D        | Reached skill level 6 in Fire Magic
    10 | D        | Reached XP level 2. HP: 17/17 MP: 0/6
    10 | D        | Reached XP level 3. HP: 21/21 MP: 0/8
    20 | D        | Killed a scorpion
    21 | D        | Reached skill level 7 in Fire Magic
    21 | D        | Reached XP level 4. HP: 6/27 MP: 5/10
    21 | D        | Reached XP level 5. HP: 7/31 MP: 5/11
    29 | D        | Learned a level 2 spell: Scorch
    33 | D        | Learned a level 3 spell: Inner Flame
    38 | D        | Learned a level 4 spell: Flame Wave
   105 | D        | Killed a water moccasin
   154 | D        | Reached skill level 5 in Stealth
   154 | D        | Reached skill level 8 in Fire Magic
   156 | D        | Reached skill level 5 in Spellcasting
   156 | D        | Reached skill level 9 in Fire Magic
   156 | D        | Reached XP level 6. HP: 36/36 MP: 1/14
   176 | D        | Noticed a flying skull
   176 | D        | Noticed a flying skull
   177 | D        | Noticed a flying skull
   177 | D        | Noticed Menkaure
   177 | D        | Noticed a flying skull
   178 | D        | Noticed a flying skull
   178 | D        | Noticed a flying skull
   178 | D        | Noticed a flying skull
   178 | D        | Noticed a flying skull
   178 | D        | Noticed a flying skull
   179 | D        | Noticed a flying skull
   179 | D        | Noticed a flying skull
   179 | D        | Noticed a flying skull
   185 | D        | Killed Menkaure
   186 | D        | Reached skill level 5 in Dodging
   186 | D        | Reached skill level 10 in Fire Magic
   189 | D        | Found Tyddots's Magic Scroll Boutique.
   189 | D        | Found Kirafela's Magic Scroll Shop.
   190 | D        | Found Qaagor's Weapon Shop.
   190 | D        | Found Coamnasu's Antique Weapon Boutique.
   190 | D        | Found Rouh's Jewellery Shop.
   191 | D        | Found Saatz's Distillery.
   191 | D        | Found Zenov's Antique Weapon Boutique.
   191 | D        | Found Juokluoxt's Weapon Boutique.
   192 | D        | Found Pali's Antique Armour Boutique.
   192 | D        | Found Colimer's Antique Armour Boutique.
   192 | D        | Found Notow's Book Shop.
   196 | D        | Found Oluodd's Distillery.
   196 | D        | Found Qayraz's Jewellery Shop.
   196 | D        | Noticed an oklob plant
   197 | D        | Found Ciseq Ymn's Book Boutique.
   197 | D        | Found Yrepaheo's Book Shoppe.
   197 | D        | Noticed a manticore
   200 | D        | Noticed a manticore
   200 | D        | Noticed a manticore
   202 | D        | Noticed an ice dragon
   247 | D        | Noticed an orange crystal statue
   256 | D        | Found a stormy altar of Qazlal.
   256 | D        | Found an ornate altar of the Wu Jian Council.
   257 | D        | Found a hazy altar of Hepliaklqana.
   257 | D        | Found a sacrificial altar of Ru.
   258 | D        | Found a viscous altar of Jiyva.
   258 | D        | Found a shimmering blue altar of Sif Muna.
   259 | D        | Found a snail-covered altar of Cheibriados.
   259 | D        | Found an ancient bone altar of Kikubaaqudgha.
   259 | D        | Found a shimmering altar of Xom.
   259 | D        | Found a bloodstained altar of Trog.
   260 | D        | Found a shadowy altar of Dithmenos.
   260 | D        | Found a corrupted altar of Lugonu.
   261 | D        | Found a white marble altar of Elyvilon.
   261 | D        | Found a burning altar of Makhleb.
   262 | D        | Found a blossoming altar of Fedhas.
   264 | D        | Found an opulent altar of Gozag.
   264 | D        | Found a glowing golden altar of the Shining One.
   264 | D        | Found a basalt altar of Yredelemnul.
   264 | D        | Found a hide-covered altar of Uskayaw.
   264 | D        | Found a sparkling altar of Nemelex Xobeh.
   265 | D        | Found a glowing silver altar of Zin.
   265 | D        | Found a radiant altar of Vehumet.
   265 | D        | Found an iron altar of Okawaru.
   265 | D        | Noticed a hornet
   265 | D        | Noticed a polar bear
   265 | D        | Noticed a polar bear
   266 | D        | Noticed a yaktaur
   270 | D        | Became a worshipper of Sif Muna the Loreminder
   282 | D        | Shot with a bolt by a yaktaur

Illustrated notes

Levels and vault maps discovered:
D:        the_violet_keep_of_menkaure [sprint2_stairs_cluster_1,
          sprint2_shoproom, sprint2_temple, sprint2_basic_supplies,
          sprint2_obstacle_4, sprint2_obstacle_6, sprint2_obstacle_1,
          sprint2_obstacle_2, sprint2_obstacle_3, sprint2_timed_cluster_1,
          sprint2_smallroom_cluster_1, sprint2_smallroom_final_cluster_1,
          sprint2_transparent_cluster_1, sprint2_second_timed_cluster_1,
          sprint2_sniper_area_1, sprint2_heavy_combat_area_1,
          sprint2_mutation_trap_area_1, sprint2_forest_area_1,
          sprint2_light_combat_area_1, sprint2_behind_water_1,
          sprint2_near_end_vault_1]

Skill      XL: |  1  2  3  4  5  6 |
---------------+-------------------+-----
Dodging        | 3 4 5 |  5.1
Stealth        | 4 5 |  5.5
Spellcasting   | 3 4 5 6 |  6.8
Fire Magic     | 6 7 9 10 | 10.2
Conjurations   | 2 3 |  3.6

Action                     |  1- 3 |  4- 6 || total
---------------------------+-------+-------++-------
  Melee: Unarmed           |     7 |     3 ||    10
         Tentacles         |     4 |     1 ||     5
         Constrict         |     2 |     1 ||     3
         Punch             |       |     1 ||     1
   Cast: Foxfire           |     8 |     4 ||    12
         Scorch            |       |     7 ||     7
         Flame Wave        |       |     1 ||     1
         Inner Flame       |       |     1 ||     1
    Use: Potion            |     2 |       ||     2
         Scroll            |       |     1 ||     1
  Dodge: Dodged            |     5 |     4 ||     9

Table legend: (Time is in decaauts)
 A = Elapsed time spent in this place.
 B = Non-inter-level travel time spent in this place.
 C = Inter-level travel time spent in this place.
 D = Time resting spent in this place.
 E = Time spent auto-exploring this place.
 F = Levels seen in this place.
 G = Mean time per level.
                   A        B        C        D        E       F      G
               +--------+--------+--------+--------+--------+-----+--------+
         Total |    268 |    268 |      0 |    105 |      0 |   1 |  268.0 |
       Dungeon |    268 |    268 |      0 |    105 |      0 |   1 |  268.0 |
               +--------+--------+--------+--------+--------+-----+--------+

Top non-repeatable levels by time:
       D: 268 daAuts
